[Event "Early-Titled-Tuesday-Blitz-August-29-2023"]
[Site "Chess.com"]
[Date "2023.08.29"]
[Round "5"]
[White "tylityli"]
[Black "Real_taiatai"]
[Result "1-0"]
[WhiteElo "2353"]
[BlackElo "2496"]
[TimeControl "180+1"]
[EndTime "8:56:14 PDT"]
[Termination "tylityli won by checkmate"]

1. d4 Nf6 2. c4 g6 3. Nc3 Bg7 4. e4 d6 5. Nge2 O-O 6. Ng3 c5 7. d5 e6 8. Be2 exd5 9. cxd5 a6 10. a4 h5 11. Bg5 Re8 12. O-O Nbd7 13. Qd2 Nf8 14.
f3 N8h7 15. Bh6 h4 16. Bxg7 hxg3 17. Bh6 gxh2+ 18. Kxh2 Nh5 19. g3 Qd7 20. g4 Qe7 21. Qe1 N5f6 22. Kg2 g5 23. Rh1 Qe5 24. Qg3 b6 25. Qxe5 dxe5 26. Kg3 Bd7 27. Rh2 Reb8 28. Rah1 Ne8 29. Bg7 Kxg7 30. Rxh7+ Kf6 31. R1h6+ Ke7 32. d6+ Kd8 33. Rxf7 b5 34. a5 Ra7 35. Nd5 Rc8 36. Nb6 Rc6 37. Rhh7 Rxd6 38. Rhg7 Rd2 39. Bf1 Rc7 40. b3 c4 41. bxc4 bxc4 42. Bxc4 Rd4 43. Bxa6 Ba4 44. Be2 Rxf7 45. Rxf7 Bc2 46. Bb5 Bd3 47. Rd7+ Rxd7 48. Bxd7 Nd6 49. Bc6 Kc7 50. Bd5 Nb7 51. Bxb7 Kxb7 52. Nd7 Ka6 53. Nxe5 Bb5 54. Nf7 Kxa5 55. Nxg5 Kb6 56. Kf4 Kc7 57. Ke5 Kd7 58. f4 Ke7 59. f5 Be2 60. f6+ Kf8 61. Ne6+ Kf7 62. g5 Bg4 63. Nf4 Kf8 64. g6 Bd7 65. Nd5 Ba4 66. Kf4 Bb3 67. Kf5 Bc2 68. Ke5 Bb3 69.
Nf4 Bc2 70. Ne6+ Kg8 71. f7+ Kh8 72. f8=Q# 1-0

[Event "Early-Titled-Tuesday-Blitz-August-29-2023"]
[Site "Chess.com"]
[Date "2023.08.29"]
[Round "5"]
[White "Vanina1989"]
[Black "igorkovalenko"]
[Result "0-1"]
[WhiteElo "2694"]
[BlackElo "2952"]
[TimeControl "180+1"]
[EndTime "8:56:15 PDT"]
[Termination "igorkovalenko won on time"]

1. d4 Nf6 2. c4 e6 3. Nf3 Bb4+ 4.
Bd2 a5 5. e3 O-O 6. Bd3 b6 7.
O-O Bb7 8. a3 Bxd2 9. Nbxd2 d6 10.
Qc2 a4 11. Ng5 g6 12. f4 c5 13. Nde4 Bxe4 14. Bxe4 Ra7 15. Rad1 Qe7 16. Bf3 Nbd7 17. Rfe1 Rc8 18. d5 e5 19. f5 h6 20. Ne4 Nxe4 21. Bxe4 g5 22. Bd3 Nf6 23. e4 Kh7 24. Re3 g4 25. Rf1 Rg8 26. Qd1 Rg5 27. Bc2 Qd7 28.
b3 axb3 29. Rxb3 Ra6 30. Qb1 Qa7 31. Qb2 Rg8 32. Rb1 Rb8 33. h3 gxh3 34. Rxh3 Rh8 35. Qc1 Kg7 36. Rbb3 Qa8 37. Rbg3+ Kf8 38. Rxh6 Ke7 39.
Rg7 Qf8 40. Qg5 Rxh6 41. Qxh6 Rxa3 42. Qg5 Rc3 43. Bd1 Rc1 44. Rxf7+ Qxf7 45. Qxc1 Nxe4 46. Bc2 Nf6 47. Qb1 Nd7 48. Qc1 Qg7 49. Qe1 Qg4 50. Qe4 Qg5 51. Kf2 Nf6 52. Qe2 Qf4+ 53. Ke1 Qc1+ 54.
Kf2 Qf4+ 55. Ke1 e4 56. Qd2 Qxf5 57. Qe3 Qe5 58. Ke2 b5 59. cxb5 Nxd5 60. Qb3 Nc3+ 61. Kd2 e3+ 0-1

[Event "Early-Titled-Tuesday-Blitz-August-29-2023"]
[Site "Chess.com"]
[Date "2023.08.29"]
[Round "5"]
[White "vladoboch"]
[Black "Forge13"]
[Result "0-1"]
[WhiteElo "2445"]
[BlackElo "2667"]
[TimeControl "180+1"]
[EndTime "8:56:16 PDT"]
[Termination "Forge13 won by resignation"]

1. e4 e6 2. d4 d5 3. e5 c5 4. c3 Nc6 5. Nf3 Qb6 6. Bd3 cxd4 7. O-O Bd7 8. cxd4 Nxd4 9. Nxd4 Qxd4 10. Re1 a6 11. Nc3 Ne7 12. Be3 Qxe5 13. Bc5 Qg5 14. Re3 Nc6 15. Bxf8 Kxf8 16. Rg3 Qh4 17. Rg4 Qh6 18. Qe2 e5 19. Rg3 Qd6 20. Rd1 Nd4 21.
Qh5 h6 22. Re1 Re8 23. Rge3 g6 24. Qh4 Kg7 25. h3 Nf5 26. Bxf5 Bxf5 27. Qg3 d4 28. Ne4 Bxe4 29. Rxe4 Re6 30. Rxe5 Rhe8 31. Rxe6 Qxg3 32.
fxg3 fxe6 33. Kf2 Kf6 34. Ke2 Ke5 35. Kd3+ Kd5 36. Rf1 e5 37. Rf7 e4+ 38. Ke2 b6 39. Rd7+ Ke5 40. Rb7 Re6 41. Rd7 a5 42. g4 Rd6 43. Re7+ Kd5 44. g3 a4 45. a3 Rc6 46.
Kd2 d3 47. Ke3 Rc2 48. Rd7+ Kc5 49. Kxe4 Rxb2 50. Rxd3 Rb3 51. Rd5+ Kc6 52. Re5 Rxa3 53. Re6+ Kc5 54. Rxg6 Rxg3 55. Rxh6 a3 56. Rh8 b5 57. Rc8+ Kb4 58. Ra8 Rxh3 59. g5 Rg3 60. Kf4 Rg1 61. Kf5 Kb3 62. g6 b4 63. Kf6 Kb2 64. g7 b3 65. Re8 Rxg7 66. Kxg7 a2 0-1

[Event "Early-Titled-Tuesday-Blitz-August-29-2023"]
[Site "Chess.com"]
[Date "2023.08.29"]
[Round "5"]
[White "Anton_Demchenko"]
[Black "seopie"]
[Result "1-0"]
[WhiteElo "2928"]
[BlackElo "2664"]
[TimeControl "180+1"]
[EndTime "8:56:17 PDT"]
[Termination "Anton_Demchenko won on time"]

1. e4 c5 2. Nf3 d6 3. d4 cxd4 4.
Nxd4 Nf6 5. Nc3 a6 6. Bd3 g6 7. f3 Bg7 8. Be3 e5 9. Nde2 Be6 10. Qd2 O-O 11. O-O-O b5 12. Bh6 Nbd7 13. Bxg7 Kxg7 14.
Ng3 Qa5 15. a3 Rac8 16. Kb1 b4 17. Na2 Bxa2+ 18. Kxa2 Rb8 19. Bc4 Qc5 20. Bb3 bxa3 21. Qxd6 axb2 22. Kxb2 a5 23. Qxc5 Nxc5 24. Ka3 Rfc8 25.
Rc1 h5 26. Rhd1 Rc7 27. Ne2 Nfd7 28. Nc3 Nxb3 29. cxb3 Rcb7 30. Rb1 Nc5 31. Nd5 Rxb3+ 32. Rxb3 Rxb3+ 33. Ka2 a4 34. h4 Nd3 35. Rd2 Nf4 36. Ne7 Re3 37. Nc6 f6 38. Rd7+ Kf8 39. Rd8+ Kf7 40.
Rd7+ Ke6 41. Ra7 Re2+ 42. Ka3 Rxg2 43. Ra6 Kd7 44. Nb8+ Kc7 45. Nc6 Kb7 46. Nb4 g5 47.
hxg5 fxg5 48. Rh6 h4 49. Kxa4 Rb2 50. Rh7+ Kc8 51. Ka5 h3 52. Nc6 h2 53. Nxe5 Nd3 54.
Nxd3 Rb3 55. Ne5 Rb2 56. Ng4 Rb3 57. Nxh2 Kd8 58. Ka4 Re3 59. Kb4 1-0

[Event "Early-Titled-Tuesday-Blitz-August-29-2023"]
[Site "Chess.com"]
[Date "2023.08.29"]
[Round "5"]
[White "BashirliSaadat"]
[Black "Blackwhite017"]
[Result "1-0"]
[WhiteElo "2388"]
[BlackElo "1993"]
[TimeControl "180+1"]
[EndTime "8:56:17 PDT"]
[Termination "BashirliSaadat won on time"]

1. d4 d5 2. e3 Nf6 3. Bd3 g6 4. f4 Bg7 5. Nf3 O-O 6. O-O Bg4 7. Nbd2 e6 8. Qe1 Bxf3 9. Nxf3 Ne4 10. c3 Nd7 11. b3 c5 12. Bb2 Rc8 13. Rc1 Qb6 14. Kh1 h6 15. Ne5 Nxe5 16. fxe5 c4 17. Bc2 cxb3 18.
Bxb3 a5 19. Qe2 Rc7 20. c4 dxc4 21. Bxc4 Rfc8 22. Bd3 Rxc1 23. Rxc1 Rxc1+ 24. Bxc1 Nc3 25. Qc2 Nd5 26. Bd2 Nb4 27. Qb3 Bf8 28. Bb1 Qa6 29. Qd1 Qc4 30. a3 Nd5 31. Qc1 Qe2 32. Qe1 Qxe1+ 33.
Bxe1 Nxe3 34. Bxa5 Bxa3 35. Bd2 Nf5 36. Bc3 Ne3 37. Kg1 Nd5 38. Bd2 h5 39. Kf2 Bb4 40.
Bc1 Kf8 41. Bd3 Ke7 42. Ke2 Kd7 43. Kd1 Kc6 44. Kc2 Be7 45. Be4 Kb5 46. Kb3 b6 47. Bd2 Bb4 48. Bd3+ Ka5 49. Bc1 Be1 50. Be4 Bf2 51.
Kc4 b5+ 52. Kc5 Nc3 53. Bd2 b4 54. Bd3 1-0

[Event "Early-Titled-Tuesday-Blitz-August-29-2023"]
[Site "Chess.com"]
[Date "2023.08.29"]
[Round "5"]
[White "djano"]
[Black "Caisachess"]
[Result "1-0"]
[WhiteElo "2527"]
[BlackElo "2325"]
[TimeControl "180+1"]
[EndTime "8:56:18 PDT"]
[Termination "djano won on time"]

1. e4 e5 2. Nc3 Nc6 3. Bc4 Nf6 4. d3 Bc5 5. Nf3 d6 6. O-O h6 7. Be3 Bb6 8. Nd5 Nxd5 9. Bxd5 O-O 10. h3 Ne7 11.
Bb3 Ng6 12. d4 Qf6 13. c3 Nf4 14. Bxf4 Qxf4 15. Re1 Re8 16. dxe5 dxe5 17. Qd2 Qf6 18. Qe2 Bd7 19. Rad1 Rad8 20. Kh1 Bc6 21. Bd5 Bxd5 22. Rxd5 Rxd5 23. exd5 e4 24. Kg1 Qd6 25. c4 Qc5 26. Nh2 f5 27. b3 f4 28. Nf1 Ba5 29. Rd1 Qe7 30. Kh1 Qe5 31. c5 Qf5 32. Qb5 Rf8 33. Qxa5 f3 34. g4 Qe5 35. Qd2 h5 36. Nh2 hxg4 37.
hxg4 Rf6 38. d6 Rh6 39. Qd5+ Qxd5 40. Rxd5 e3 41. fxe3 f2 42. Rf5 cxd6 43. Rxf2 dxc5 44. Kg2 Rd6 45. Nf3 b5 46. Rd2 Rc6 47. e4 Kf8 48. e5 Ke7 49. Kf2 a5 50. Ke3 c4 51. bxc4 Rxc4 52.
Rd4 Rc3+ 53. Rd3 Rc2 54. a3 a4 55. Nd4 Rb2 56. Ke4 Rb1 57. Nf5+ Kf8 58. e6 Re1+ 59.
Kd5 Rb1 60. e7+ Ke8 61. Ke6 Re1+ 62. Re3 Rb1 63. Rd3 Re1+ 64. Ne3 1-0

[Event "Early-Titled-Tuesday-Blitz-August-29-2023"]
[Site "Chess.com"]
[Date "2023.08.29"]
[Round "5"]
[White "HansOnTwitch"]
[Black "Goryachkina"]
[Result "1-0"]
[WhiteElo "2899"]
[BlackElo "2645"]
[TimeControl "180+1"]
[EndTime "8:56:19 PDT"]
[Termination "HansOnTwitch won by resignation"]

1. e4 c6 2. d4 d5 3. e5 Bf5 4. Nf3 e6 5. Be2 Ne7 6. O-O c5 7. Be3 cxd4 8. Nxd4 Nbc6 9. c4 dxc4 10. Qa4 Qa5 11.
Qxc4 Nxd4 12. Bxd4 Nc6 13. Bc3 Qb6 14. Na3 Be7 15. h4 h6 16. Nb5 O-O 17. Nd6 Nxe5 18. Bxe5 Bxd6 19. Bc3 Rac8 20. Qa4 Bc5 21. Rad1 Qc6 22.
Qf4 Qe4 23. Qg3 f6 24. Bf3 Qa4 25. Bxb7 Rb8 26. Bf3 e5 27. Bd5+ Kh8 28. Bb3 Qc6 29. Kh1 Rfd8 30. f3 Qb6 31. h5 Be3 32. Rxd8+ Rxd8 33. Rd1 Rxd1+ 34. Bxd1 Be6 35. Qg6 Bxa2 36. Qe8+ Bg8 37.
Be2 Qe6 38. Qg6 Qf7 39. Qg4 Qe6 40. Qe4 Qf7 41. Qxe3 Qxh5+ 42. Kg1 Qh4 43. Bd3 Qg3 44.
Qe4 Qg5 45. Kf2 Qh5 46. Bc4 Bxc4 47. Qxc4 Qe8 48. Qe4 Qc8 49. Qe3 Qb7 50. g3 a6 51.
f4 exf4 52. gxf4 Qb5 53. Kg3 Qc6 54. Qd3 Kg8 55. f5 Qb7 56. Kf4 Qc7+ 57. Ke3 Qb6+ 58.
Qd4 Qc6 59. Qe4 Qb5 60. Kd4 Qa4+ 61. Kd3 Qb5+ 62. Qc4+ 1-0

[Event "Early-Titled-Tuesday-Blitz-August-29-2023"]
[Site "Chess.com"]
[Date "2023.08.29"]
[Round "5"]
[White "Iunusovnuriddin"]
[Black "LangesNasenhaar"]
[Result "0-1"]
[WhiteElo "2296"]
[BlackElo "2469"]
[TimeControl "180+1"]
[EndTime "8:56:20 PDT"]
[Termination "LangesNasenhaar won on time"]

1. e4 g6 2. d4 Bg7 3. Nc3 c6 4. Nf3 d5 5. Bd3 dxe4 6. Nxe4 Nd7 7. Qe2 Qc7 8. O-O Ngf6 9. Re1 O-O 10. Nxf6+ exf6 11. c3 Nb6 12. Bd2 Be6 13. Be3 Rfe8 14. b3 Nd5 15. c4 Nxe3 16. fxe3 a5 17. e4 a4 18. b4 a3 19. Qc2 Bg4 20. Nd2 Qb6 21. c5 Qxb4 22. Nc4 Be6 23. Rab1 Qa4 24. Qxa4 Rxa4 25. Rec1 Re7 26. Rc3 f5 27. e5 f6 28. Rbb3 fxe5 29. dxe5 h5 30. Rxa3 Rxa3 31. Rxa3 Kh7 32. Ra7 Bxc4 33.
Bxc4 Bxe5 34. Ba6 Bd4+ 35. Kf1 Bxc5 36. Rxb7 Kg7 37. Rxe7+ Bxe7 38. Bb7 c5 39. Ke2 Kf6 40. Kd3 Ke5 41. Kc4 Kd6 42. a4 Bd8 43. Bd5 g5 44. Bf7 h4 45. h3 g4 46. hxg4 fxg4 47. Bh5 h3 48. gxh3 gxh3 49. Bf3 h2 50. Kb5 Bc7 51. a5 Bxa5 52. Kxa5 Ke5 53. Kb5 Kd4 54. Ka4 c4 55.
Ka3 c3 56. Kb3 Kd3 57. Bc6 c2 0-1

[Event "Early-Titled-Tuesday-Blitz-August-29-2023"]
[Site "Chess.com"]
[Date "2023.08.29"]
[Round "5"]
[White "HackWithBlack"]
[Black "likantrophuss"]
[Result "0-1"]
[WhiteElo "2371"]
[BlackElo "2549"]
[TimeControl "180+1"]
[EndTime "8:56:26 PDT"]
[Termination "likantrophuss won by resignation"]

1. d4 Nf6 2. c4 e6 3. Nf3 d5 4.
cxd5 Nxd5 5. e4 Bb4+ 6. Bd2 Bxd2+ 7. Qxd2 Nf6 8. Nc3 Nc6 9. Bb5 O-O 10. Bxc6 bxc6 11. O-O Qe7 12. e5 Nd7 13. Rac1 c5 14.
d5 Bb7 15. Rfd1 Nb6 16. d6 cxd6 17. exd6 Qf6 18. Qg5 Bxf3 19. Qxf6 gxf6 20. gxf3 f5 21. Nb5 Nd7 22. b4 cxb4 23. Rc7 Rfd8 24. Nxa7 Ne5 25. f4 Nc4 26. d7 Na5 27. Nc6 Nxc6 28. Rxc6 Kf8 29.
Rb6 Rxa2 30. Rxb4 Ra7 31. Rb3 Ke7 32. Rh3 Ra4 33. Rh4 h5 34. Kg2 e5 35. Rxh5 Rxf4 36. Rh7 Rg4+ 37. Kf1 Rg6 38. f3 Rf6 39. Rd5 Ke6 40.
Ra5 Rxd7 41. Ra6+ Rd6 42. Rxd6+ Kxd6 43. Kf2 Ke6 44. Rh8 Rg6 45. Re8+ Kf6 46. Ra8 Rg7 47. Ra6+ Kg5 48. Ra5 f6 49. Ra4 Rh7 50. Kg2 f4 51. Rb4 Rd7 52. Ra4 Rd2+ 53. Kg1 Kf5 54. Ra8 Rd3 55. Kg2 Rd2+ 56. Kg1 Rd7 57. Ra5 Rg7+ 58. Kf1 Rh7 59. Kg2 Kg5 60. Ra6 Re7 61. Ra2 f5 62.
Ra8 e4 63. Rg8+ Kf6 64. fxe4 fxe4 65. Rf8+ Ke5 66. h4 Rg7+ 67. Kf2 e3+ 68. Kf3 Rg3+ 69. Ke2 Rg2+ 70. Kd3 Rd2+ 71. Kc3 Ke4 72. h5 Rh2 73. Re8+ Kf3 0-1

[Event "Early-Titled-Tuesday-Blitz-August-29-2023"]
[Site "Chess.com"]
[Date "2023.08.29"]
[Round "5"]
[White "ChessicallyInclined"]
[Black "Magila31"]
[Result "0-1"]
[WhiteElo "2691"]
[BlackElo "2484"]
[TimeControl "180+1"]
[EndTime "8:56:27 PDT"]
[Termination "Magila31 won by resignation"]

1. e4 g6 2. d4 Bg7 3. c4 d6 4.
Nc3 Nf6 5. f3 O-O 6. Be3 a6 7.
Nge2 Nc6 8. Qd2 Rb8 9. Rc1 Bd7 10.
Nd1 e6 11. g3 b5 12. c5 e5 13. d5 Ne7 14. cxd6 cxd6 15. Bg2 Nh5 16. Nf2 f5 17. O-O f4 18. gxf4 Nxf4 19. Nxf4 exf4 20. Bxf4 Bxb2 21.
Qxb2 Rxf4 22. Nd3 Rf8 23. Qd4 g5 24. Rc3 Ng6 25. Rfc1 g4 26. fxg4 Bxg4 27. e5 Qg5 28.
exd6 Bf3 29. R1c2 Nh4 30. Ne1 Bxg2 31. Nxg2 Nf3+ 32. Rxf3 Rxf3 33. d7 Rbf8 34. h4 Qg3 35. Rc1 Rf2 36. Qe4 Rxa2 37. Rd1 Qf2+ 38. Kh1 Qf6 39.
Qg4+ Kh8 40. d6 Rf2 41. Qd4 Rf1+ 42. Kh2 Qxd4 43. Rxd4 R1f7 44. Ne3 Rxd7 45. Ng4 Rfd8 46.
Ne5 Kg7 47. Nxd7 Rxd7 48. Kg3 Kf6 49. Kf4 Ke6 50. Kg5 Rxd6 51. Re4+ Kd5 52. Re7 h6+ 53.
Kf5 b4 54. Rb7 Kc4 55. Ke5 Rc6 56. h5 b3 57. Rg7 Kb4 58. Rg6 Rc5+ 59. Kd4 Rxh5 60.
Kd3 Rd5+ 61. Ke2 Kc3 62. Rxa6 Kc2 63. Rxh6 b2 64. Rc6+ Kb1 65. Rc8 Ka2 66. Ra8+ Kb3 67.
Rb8+ Ka3 68. Ra8+ Kb4 69. Rb8+ Rb5 0-1

[Event "Early-Titled-Tuesday-Blitz-August-29-2023"]
[Site "Chess.com"]
[Date "2023.08.29"]
[Round "5"]
[White "Jospem"]
[Black "snowlord"]
[Result "1-0"]
[WhiteElo "3063"]
[BlackElo "2909"]
[TimeControl "180+1"]
[EndTime "8:56:28 PDT"]
[Termination "Jospem won on time"]

1. e4 c5 2. Nf3 d6 3. c3 Nf6 4. h3 Nc6 5. Bd3 g5 6. Bc2 g4 7. hxg4 Bxg4 8. d3 Qc7 9. Bf4 O-O-O 10. Nbd2 h5 11. Qe2 Bh6 12. Bxh6 Rxh6 13. Qe3 Rg6 14. O-O-O Kb8 15. Rde1 Be6 16. Nh4 Rgg8 17. Kb1 Ne5 18.
f4 Neg4 19. Qe2 Qa5 20. Bb3 Bxb3 21. axb3 e6 22. Nhf3 Qb5 23. e5 dxe5 24. fxe5 Ne8 25. Rxh5 Qxd3+ 26. Qxd3 Rxd3 27. Ne4 b6 28. Kc2 Re3 29.
Kd2 Rxe1 30. Nxe1 f5 31. Ng5 Ng7 32. Rh7 Nxe5 33. Ke2 Ng4 34. Nef3 Nf6 35. Rh6 Nd5 36. g3 f4 37. g4 Kb7 38. Ne5 Ka6 39. Ngf3 Rd8 40.
Rh7 Ne8 41. Nc6 Ra8 42. Rh6 Nec7 43. Nce5 Rg8 44. g5 b5 45. Nd7 c4 46. bxc4 bxc4 47. Nc5+ Kb5 48. Nxe6 Nxe6 49. Rxe6 Ka4 50. Nd4 a5 51.
Re5 Ne3 52. Kf3 Nd1 53. Nc6 Kb3 54. Nxa5+ Kxb2 55. Nxc4+ Kxc3 56. Nd6 Ne3 57. Kxf4 Ng2+ 58. Kg3 Kd4 59. Nf7 Ne3 60. Kf4 Nd5+ 61. Kg4 Ne3+ 62. Kh5 Rh8+ 63. Kg6 Nd5 64. Re1 Rh2 65. Nd6 1-0

[Event "Early-Titled-Tuesday-Blitz-August-29-2023"]
[Site "Chess.com"]
[Date "2023.08.29"]
[Round "5"]
[White "DrDreBeats"]
[Black "Bauman_Guy"]
[Result "0-1"]
[WhiteElo "2600"]
[BlackElo "2806"]
[TimeControl "180+1"]
[EndTime "8:56:30 PDT"]
[Termination "Bauman_Guy won by resignation"]

1. e4 c5 2. Nf3 d6 3. d4 Nf6 4. Nc3 cxd4 5. Nxd4 a6 6. Be3 e5 7. Nf3 Be7 8. Bc4 O-O 9. O-O Be6 10. Bb3 Nc6 11.
Qe2 Na5 12. Rfd1 Qc7 13. h3 h6 14. Nh4 Nc4 15. Bxc4 Bxc4 16. Qf3 Be6 17. Nf5 Rfd8 18.
Rac1 b5 19. Nd5 Nxd5 20. exd5 Bxf5 21. Qxf5 g6 22. Qd3 Bf8 23. c4 Qb7 24. c5 dxc5 25.
Bxc5 Bg7 26. b4 Rd7 27. d6 Rad8 28. Qe3 Rb8 29. Rd2 Kh7 30. Rcd1 f5 31. Qb3 Re8 32. a4 e4 33. axb5 axb5 34. Ra2 Qc6 35. Qd5 Qxd5 36. Rxd5 Bf8 37. Ra7 Rd8 38. Bb6 Rxa7 39. Bxd8 Rd7 40. Bc7 Kg7 41. g4 Kf6 42. gxf5 gxf5 43. Rxb5 Bxd6 44.
Bxd6 Rxd6 45. Kg2 Kg5 46. Rb8 Kf4 47. b5 Rd2 48. Re8 Rb2 49. Re6 h5 50. h4 Rxb5 51. Ra6 Rb2 52. Ra3 Kg4 53. Rg3+ Kxh4 54. Kf1 f4 55. Rg8 f3 56. Ke1 Rb1+ 57. Kd2 Rf1 58. Ke3 Re1+ 59. Kf4 Re2 60. Rg1 Kh3 61. Rh1+ Kg2 62.
Rxh5 Kxf2 63. Rh2+ Ke1 64. Rh1+ Kd2 65. Kg3 f2 66. Kg2 e3 67. Ra1 Re1 68. Ra2+ Kc3 69. Ra3+ Kb4 0-1

[Event "Early-Titled-Tuesday-Blitz-August-29-2023"]
[Site "Chess.com"]
[Date "2023.08.29"]
[Round "5"]
[White "MatthewG-p4p"]
[Black "Let_it_be_1"]
[Result "0-1"]
[WhiteElo "2843"]
[BlackElo "2637"]
[TimeControl "180+1"]
[EndTime "8:56:31 PDT"]
[Termination "Let_it_be_1 won by resignation"]

1. f4 d5 2. Nf3 Nf6 3. g3 g6 4. Bg2 Bg7 5. O-O O-O 6. d3 Nbd7 7. Nc3 Re8 8. e4 dxe4 9. dxe4 e5 10. f5 Nc5 11. Qe1 gxf5 12. Nh4 Nfxe4 13. Nxf5 Bxf5 14.
Rxf5 Nxc3 15. bxc3 c6 16. Be3 Ne6 17. Be4 Nf8 18.
Qe2 Ng6 19. Raf1 Qd7 20. h4 Re7 21. h5 Nf4 22. gxf4 exf4 23. R5xf4 Rae8 24. Qg2 Kh8 25. Rg4 Bxc3 26. Bf5 Qd6 27. Bf4 Qc5+ 28. Kh1 Qxf5 29. Rg3 Re1 30. Rxc3 Qxf4 31. Rf3 Qh4+ 32. Rh3 Rxf1+ 33.
Qxf1 Re1 34. Rxh4 Rxf1+ 35. Kg2 Rc1 36. Rc4 Kg7 37. Kf2 f5 38. Rc5 Kf6 39. a4 h6 40. Ke3 Rh1 41. Rc4 Rxh5 42. Rb4 b6 43. a5 b5 44. Rb1 Rh3+ 45. Kf4 Rh4+ 46. Kf3 Ra4 47. Rd1 Rxa5 48. Rd6+ Kg5 49. Rxc6 Ra3+ 50. Kf2 b4 51. Rc4 a5 52. Rc7 Rc3 53. Rg7+ Kf4 54. Ra7 Rxc2+ 55. Ke1 b3 56. Kd1 Ra2 57. Rb7 a4 58. Kc1 Kf3 59. Kb1 f4 60. Rh7 Re2 61. Rxh6 a3 62. Rh3+ Kg2 63. Rxb3 a2+ 64. Ka1 f3 65.
Rxf3 Re1+ 66. Kxa2 Kxf3 0-1

[Event "Early-Titled-Tuesday-Blitz-August-29-2023"]
[Site "Chess.com"]
[Date "2023.08.29"]
[Round "5"]
[White "SchmakAttack"]
[Black "Agibileg"]
[Result "0-1"]
[WhiteElo "2798"]
[BlackElo "2624"]
[TimeControl "180+1"]
[EndTime "8:56:31 PDT"]
[Termination "Agibileg won on time"]

1. d4 Nf6 2. c4 g6 3. Nc3 Bg7 4. e4 d6 5. Be2 O-O 6. Be3 e5 7.
d5 Na6 8. g4 Nc5 9. f3 h5 10.
g5 Nh7 11. h4 f6 12. Qd2 fxg5 13.
hxg5 a5 14. Nh3 Bxh3 15. Rxh3 Rf4 16. O-O-O Nxg5 17. Rg3 Qf6 18. Rdg1 Bh6 19. Nb5 Rc8 20.
Kc2 Kh7 21. Bxf4 exf4 22. R3g2 Ngxe4 23. Qd4 Qxd4 24. Nxd4 Ng3 25. Bd3 h4 26. Ne6 Nxd3 27.
Kxd3 g5 28. Rc1 b6 29. b3 Kg6 30. a3 Bg7 31. b4 axb4 32. axb4 Be5 33. c5 bxc5 34.
bxc5 Ra8 35. Nxc7 Ra3+ 36. Kc4 dxc5 37. Nb5 Rxf3 38. d6 Nf5 39. d7 Bf6 40. Re2 Re3 41. Ra2 Re6 42. Ra8 Ne3+ 43. Kxc5 f3 44. Rf8 Be7+ 45. Kd4 Nf5+ 46. Kd5 Re2 47. Rxf5 Kxf5 48.
Nd4+ Kf4 49. Nxe2+ fxe2 50. Rc4+ Kf3 51. Re4 Bf6 52.
Re6 Bd8 53. Re8 Bf6 54. Rf8 e1=Q 55. Rxf6+ Kg2 56. Rd6 Qa5+ 57. Ke6 Qd8 58. Rc6 h3 59. Rc8 Qb6+ 60. Kf7 h2 0-1

[Event "Early-Titled-Tuesday-Blitz-August-29-2023"]
[Site "Chess.com"]
[Date "2023.08.29"]
[Round "5"]
[White "CarlosjPineror"]
[Black "mapleaff"]
[Result "0-1"]
[WhiteElo "2415"]
[BlackElo "2291"]
[TimeControl "180+1"]
[EndTime "8:56:38 PDT"]
[Termination "mapleaff won by checkmate"]

1. e4 e5 2. Nf3 Nc6 3. Bb5 a6 4. Ba4 Nf6 5. d3 b5 6. Bb3 Bc5 7. c3 d6 8. h3 h6 9. O-O O-O 10. a4 Rb8 11. axb5 axb5 12. Nbd2 b4 13. Re1 bxc3 14.
bxc3 Be6 15. Bc4 Qd7 16. Bxe6 fxe6 17. Nc4 Rf7 18. d4 exd4 19. cxd4 Bb4 20. Re2 Rbf8 21. d5 exd5 22. exd5 Ne7 23. Ne3 Bc5 24. Ra5 Bb6 25. Ra3 Ne4 26. Qa4 Qxa4 27. Rxa4 Nc3 28. Rea2 Nxa4 29. Rxa4 Bxe3 30. Bxe3 Nxd5 31. Bd2 c5 32. Ra6 Rd7 33. Ne1 Rc8 34. Kf1 c4 35. Ke2 c3 36. Bc1 Re7+ 37. Kd1 Re6 38. Nd3 c2+ 39.
Kd2 Nc3 40. Kxc2 Ne2+ 41. Kd2 Nxc1 42. Nxc1 Rf6 43. Nd3 Re8 44. f4 Rfe6 45. g4 Re2+ 46. Kc3 R2e3 47. Rxd6 Rc8+ 48. Kd4 Rxh3 49. Ne5 Rf8 50.
Ke4 Rh1 51. Rd7 Re1+ 52. Kd5 Rd1+ 53. Ke4 Rxd7 54. Nxd7 Re8+ 55. Kf5 Re7 56. Ne5 Ra7 57. Kg6 Ra6+ 58. Kh5 Ra5 59. Kg6 Ra1 60. f5 Rg1 61. Kh5 Rh1+ 62. Kg6 Rg1 63. Kh5 Kh7 64. Kh4 Rh1+ 65.
Kg3 Rg1+ 66. Kf2 Ra1 67. Ng6 Ra4 68. Kf3 Ra3+ 69. Kf4 Ra4+ 70. Kg3 Kg8 71. Ne5 Ra5 72. Kf4 Kf8 73. Ke4 Ra4+ 74. Kf3 Ke7 75. Kg3 Kf6 76.
Nf3 h5 77. gxh5 Kxf5 78. Kh3 Ra3 79. Kg3 Rc3 80. Kf2 Kf4 81. Nh4 Rc2+ 82. Ke1 Rh2 83. Ng6+ Kg5 84. Ne7 Rxh5 85. Nd5 Kf5 86. Ne3+ Ke4 87.
Ng2 Kf3 88. Kf1 Rh1# 0-1

[Event "Early-Titled-Tuesday-Blitz-August-29-2023"]
[Site "Chess.com"]
[Date "2023.08.29"]
[Round "5"]
[White "FGHSMN"]
[Black "skkeyan1309"]
[Result "0-1"]
[WhiteElo "2930"]
[BlackElo "2714"]
[TimeControl "180+1"]
[EndTime "8:56:44 PDT"]
[Termination "skkeyan1309 won by resignation"]

1. e4 c5 2. Nf3 d6 3. d4 cxd4 4.
Nxd4 Nf6 5. Nc3 a6 6. h3 e5 7. Nf3 Nbd7 8. g4 Nc5 9. Qe2 b5 10. Bg5 Bb7 11. O-O-O Be7 12. Bxf6 Bxf6 13. Nd5 O-O 14.
h4 Bxd5 15. Rxd5 Ne6 16. Rd2 Nf4 17. Qe3 Qc7 18. g5 Be7 19. Kb1 Rac8 20. Bd3 Rfd8 21. Rhd1 Bf8 22. Bf1 d5 23. exd5 Rxd5 24. Qe4 Rxd2 25.
Rxd2 Rd8 26. Rxd8 Qxd8 27. Bd3 Nxd3 28. cxd3 Bd6 29. h5 g6 30. h6 Kf8 31. Kc2 Qc8+ 32. Kd2 Qc5 33. Ke2 Qc2+ 34. Kf1 Bc5 35. Qa8+ Ke7 36.
Qb7+ Kd8 37. Qb8+ Kd7 38. Nxe5+ Ke6 39. Qe8+ Kf5 40. Qxf7+ Kxe5 41. Qf6+ Kd5 42. Qf3+ Kd6 43. Qf6+ Kc7 44. Qf7+ Kb6 45. Kg2 Qxd3 46. Qxh7 Qe4+ 47.
Kf1 Qd4 48. Qxg6+ Ka5 49. Qf5 Qxb2 50. g6 Qc1+ 51. Kg2 Qxh6 52. Qxc5 Qxg6+ 53. Kh2 Qh6+ 54. Kg3 Qg6+ 55. Kf4 Qf7+ 56. Ke3 Qxa2 57. f4 Ka4 58. f5 b4 59. f6 Qb3+ 60. Kf4 Qe6 61. Qe5 Qxe5+ 62.
Kxe5 b3 63. f7 b2 64. f8=Q b1=Q 65. Qf4+ Qb4 66. Qf1 Qb5+ 67. Qxb5+ axb5 0-1

[Event "Early-Titled-Tuesday-Blitz-August-29-2023"]
[Site "Chess.com"]
[Date "2023.08.29"]
[Round "5"]
[White "fabianvivasz"]
[Black "Irina_Mikhaylova"]
[Result "1-0"]
[WhiteElo "2435"]
[BlackElo "2274"]
[TimeControl "180+1"]
[EndTime "8:56:45 PDT"]
[Termination "fabianvivasz won by checkmate"]

1. e4 c5 2. Nf3 Nc6 3. d4 cxd4 4. Nxd4 e5 5. Nb5 d6 6. c4 Be7 7. N1c3 a6 8. Na3 Be6 9. Be2 Bg5 10. O-O Bxc1 11. Rxc1 Nf6 12. Nc2 O-O 13. Qd2 Qb6 14. Qxd6 Qxb2 15. Ne3 Qb4 16. Qxb4 Nxb4 17. Rb1 Nc6 18.
Rxb7 Na5 19. Rc7 Rac8 20. Rxc8 Rxc8 21. Rc1 Kf8 22. f3 Nd7 23. Na4 Rc6 24. Kf2 Nc5 25. Nxc5 Rxc5 26. Rb1 g6 27. Rb6 Nxc4 28. Rxe6 Nxe3 29.
Rxa6 Nc2 30. Ra8+ Kg7 31. a4 Nd4 32. Bd3 Rc3 33. Bf1 Rc2+ 34. Kg3 Rc1 35. Bb5 Ra1 36.
Bd7 h6 37. a5 h5 38. h4 g5 39. hxg5 Ne2+ 40. Kf2 Nf4 41. a6 Nd3+ 42. Kg3 Nc5 43. Bc6 Nd3 44. a7 Nf4 45. Rg8+ Kxg8 46. a8=Q+ Rxa8 47. Bxa8 Kg7 48. Kh4 Nxg2+ 49. Kxh5 Nf4+ 50. Kg4 Nd3 51.
Bd5 f6 52. Kf5 fxg5 53. Kxg5 Kf8 54. Kf6 Ke8 55. Bc4 Nb2 56. Be2 Kd7 57. Kxe5 Ke7 58. f4 Na4 59. f5 Nc3 60. f6+ Kf8 61. Bc4 Nd1 62. Be2 Ne3 63. Kf4 Nc2 64. e5 Nd4 65. Bd3 Ne6+ 66. Kf5 Nd4+ 67. Kg6 Ne6 68. Bc4 Nf4+ 69. Kf5 Ng2 70. Bb3 Ne3+ 71. Ke4 Ng2 72. e6 Nh4 73. e7+ Ke8 74. Ba4+ Kf7 75. e8=Q+ Kxf6 76.
Qd8+ Kg6 77. Qxh4 Kg7 78. Qf4 Kg6 79. Qf5+ Kg7 80. Ke5 Kg8 81. Qd7 Kf8 82. Kf6 Kg8 83.
Qg7# 1-0